 Dungeon Crawl Stone Soup version 0.31.0-12-g77e489cdc1 (webtiles) character file.

Game seed: 7215183684318948356

1734 olmar the Grappler (level 8, -23/58 HPs)
             Began as a Demonspawn Shapeshifter on Feb 22, 2024.
             Killed from afar by a steam dragon (27 damage)
             ... with a ball of steam
             ... on level 6 of the Dungeon.
             The game lasted 00:13:05 (6649 turns).

olmar the Grappler (Demonspawn Shapeshifter)        Turns: 6649, Time: 00:13:05

Health: -23/58     AC:  2    Str: 17    XL:     8   Next: 76%
Magic:  8/8        EV: 14    Int: 11    God:
Gold:   312        SH:  5    Dex: 14    Spells: 7/7 levels left

rFire   . .          .
                       - Unarmed
rCold   . . .        (no shield)
rNeg    . . .        a - +0 animal skin
rPois   +            (helmet currently unavailable)
rElec   .            (cloak currently unavailable)
rCorr   .            (gloves currently unavailable)
SInv    .            (boots currently unavailable)
Will    .....        g - amulet of reflection
Stlth   ++           e - ring of poison resistance
HPRegen 0.29/turn    (no ring)
MPRegen 0.22/turn

%: reflection
@: beast-form
A: beast (slay +2), thin skeletal structure 1, magic regeneration, demonic touch
1
a: Begin Untransformation


You were on level 6 of the Dungeon.
You were a hulking beast.
You visited 1 branch of the dungeon, and saw 6 of its levels.
You also visited: Sewer.

You collected 312 gold pieces.

Inventory:

Missiles
 t - 13 poisoned darts (quivered)
 v - 5 javelins
Armour
 a - a +0 animal skin (worn)
 f - a +0 pair of gloves
Magical Staves
 i - a staff of cold
Jewellery
 e - a ring of poison resistance (left hand)
 g - an amulet of reflection (around neck)
 p - an amulet of faith
 x - an amulet of magic regeneration
Talismans
 c - a beast talisman
 d - a flux talisman
Wands
 A - a wand of charming (8)
Scrolls
 b - 3 scrolls of fog
 h - 3 scrolls of vulnerability
 l - a scroll of fear {unknown}
 n - 3 scrolls of teleportation
 r - 2 scrolls of enchant weapon
 y - a scroll of revelation {unknown}
 B - a scroll of torment
Potions
 j - 7 potions of mutation
 k - a potion of brilliance
 m - a potion of resistance
 o - a potion of magic
 q - a potion of curing {unknown}
 s - 6 potions of haste
 u - a potion of lignification
 z - 2 potions of might


   Skills:
 + Level 3.4 Fighting
 - Level 0.2 Throwing
 + Level 4.7 Dodging
 + Level 8.1 Unarmed Combat
 + Level 4.7 Shapeshifting


You had 7 spell levels left.
You didn't know any spells.
Your spell library contained the following spells:

 Spells                   Type           Power      Damage    Failure   Level
 Apportation              Tloc           0%         N/A       34%         1
 Magic Dart               Conj           0%         1d3       34%         1
 Blink                    Tloc           0%         N/A       47%         2
 Call Imp                 Summ           0%         N/A       47%         2
 Momentum Strike          Conj/Tloc      0%         3d8       47%         2
 Tukima's Dance           Hex            0%         N/A       71%         3
 Dimensional Bullseye     Hex/Tloc       0%         N/A       98%         4
 Iskenderun's Mystic Bla  Conj/Tloc      0%         2d3       98%         4
 Passage of Golubria      Tloc           0%         N/A       98%         4
 Borgnjor's Vile Clutch   Necr/Erth      0%         N/A       100%        5
 Haunt                    Necr/Summ      0%         N/A       100%        7
 Borgnjor's Revivificati  Necr           0%         N/A       100%        8
 Death's Door             Necr           0%         N/A       100%        9


Dungeon Overview and Level Annotations

Branches:
Dungeon (6/15)              Sewer (visited)
 Temple: D:4-7

Altars:
Nemelex Xobeh
Vehumet
Wu Jian

Shops:
D:5 ?   D:6 *


Innate Abilities, Weirdness & Mutations

You are a hulking beast.
Your limbs bulge with bestial killing power. (Slay +2)
You have a somewhat thin skeletal structure. (Dex +2, Stealth+)
You regenerate magic rapidly.
Your touch may inflict minor irresistible damage on your foes.


Message History

You bump into the rock wall.
The steam dragon breathes steam at you. The ball of steam hits you!
Unknown command.
You bump into the rock wall.
You are engulfed in a cloud of scalding steam.
* * * LOW HITPOINT WARNING * * *
The steam dragon bites you!
* * * LOW HITPOINT WARNING * * *
The steam dragon claws you.
* * * LOW HITPOINT WARNING * * *
You feel much better.
You are engulfed in a cloud of scalding steam.
The steam dragon breathes steam at you. The ball of steam hits you!
You bump into the rock wall.
You are engulfed in a cloud of scalding steam.
* * * LOW HITPOINT WARNING * * *
You feel less invigorated.
You feel less confused. The steam dragon completely misses you.
The steam dragon misses you.
Unknown command.
Okay, then.
Okay, then.
Okay, then.
You punch the steam dragon! Your touch misses the steam dragon.
The steam dragon is almost dead.
You are engulfed in a cloud of scalding steam.
* * * LOW HITPOINT WARNING * * *
The steam dragon bites you.
* * * LOW HITPOINT WARNING * * *
The steam dragon claws you.
* * * LOW HITPOINT WARNING * * *
Okay, then.
Okay, then.
Okay, then.
Okay, then.
The steam dragon breathes steam at you. The ball of steam hits you!!
You die...

#..#..#.#
#.#####....
#D.§.§§.# ###.###
####. #.# #.....# #.
#D# #.....# #. ##.##
#.....######.
##§#.##
#.....#......
##§###.##
#.....#.####. #.##
##§# #######.##...
##.###h.# #.##.##
##.#§#.#
#######.##.##
##D##.#
#...†.#......
####.###.###.####.##
#.....# #..# #[#
####..###..###.#
#...........#
#.#####.#####
#.#####.#


You could see a steam dragon (catching breath).

Vanquished Creatures
  A troll (D:6)
  An ice beast (D:6)
  An ogre (D:4)
  2 kobold brigands (Sewer)
  Blork the orc (D:5)
  4 scorpions
  A howler monkey (D:5)
  4 bombardier beetles
  2 jellies
  4 orc priests
  3 hounds
  An iguana (D:5)
  Ijyb (D:4)
  2 orc wizards
  2 gnolls
  13 adders
  5 river rats (Sewer)
  A shadow imp (D:6)
  A white imp (D:6)
  2 ufetubi (D:6)
  3 ribbon worms (D:4)
  4 dart slugs
  17 orcs
  8 ball pythons
  8 bats
  3 endoplasms
  4 giant cockroaches
  5 goblins
  6 hobgoblins
  2 jackals (D:1)
  2 quokkas
  2 frilled lizards
  22 kobolds
  20 rats
158 creatures vanquished.

Vanquished Creatures (collateral kills)
  An orc (D:6)
1 creature vanquished.

Grand Total: 159 creatures vanquished

Notes
Turn   | Place    | Note
-------+----------+-------------------------------------------
     0 | D:1      | olmar the Demonspawn Shapeshifter began the quest for the
                  | Orb.
     0 | D:1      | Reached XP level 1. HP: 15/15 MP: 1/1
   220 | D:1      | Gained mutation: Your touch may inflict minor irresistible
                  | damage on your foes. [demonic ancestry]
   220 | D:1      | Reached XP level 2. HP: 21/21 MP: 2/2
   399 | D:1      | Reached skill level 3 in Unarmed Combat
   437 | D:1      | Got the Reference Book on Nonlocality and the Fjord
   905 | D:2      | Reached XP level 3. HP: 26/26 MP: 3/3
  1211 | D:2      | Reached XP level 4. HP: 32/32 MP: 4/4
  1488 | D:3      | Noticed a gnoll sergeant
  1741 | D:3      | Reached skill level 4 in Unarmed Combat
  2091 | D:3      | Reached XP level 5. HP: 33/37 MP: 5/5
  2629 | D:4      | Noticed Ijyb
  2650 | D:4      | Killed Ijyb
  2726 | D:4      | Gained mutation: You have a somewhat thin skeletal
                  | structure. (Dex +2, Stealth+) [demonic ancestry]
  2726 | D:4      | Reached XP level 6. HP: 24/43 MP: 6/6
  2872 | D:4      | Found a glowing drain.
  2897 | Sewer    | Entered a sewer
  3184 | Sewer    | Reached skill level 5 in Unarmed Combat
  3423 | Sewer    | Gained mutation: You regenerate magic rapidly. [demonic
                  | ancestry]
  3423 | Sewer    | Reached XP level 7. HP: 36/50 MP: 7/7
  4480 | D:5      | Entered Level 5 of the Dungeon
  4487 | D:5      | Found an ornate altar of the Wu Jian Council.
  4494 | D:5      | Reached skill level 6 in Unarmed Combat
  4541 | D:5      | Found a sparkling altar of Nemelex Xobeh.
  5060 | D:5      | Noticed Blork the orc
  5074 | D:5      | Killed Blork the orc
  5075 | D:5      | Reached XP level 8. HP: 38/57 MP: 8/8
  5164 | D:5      | Found Goinorph's Magic Scroll Shop.
  5681 | D:6      | Reached skill level 7 in Unarmed Combat
  6169 | D:6      | Found Ryaxic's General Store.
  6255 | D:6      | Found a radiant altar of Vehumet.
  6320 | D:6      | Noticed a troll
  6332 | D:6      | Killed a troll
  6333 | D:6      | Reached skill level 8 in Unarmed Combat
  6649 | D:6      | Killed from afar by a steam dragon

Illustrated notes

Levels and vault maps discovered:
D:1:      eino_arrival_tree_alley, layout_loops_ring, serial_forest,
          infiniplex_forest_side_room, infiniplex_forest_clump_small,
          infiniplex_forest_clump_curved, infiniplex_forest_end_1,
          infiniplex_forest_fountain, infiniplex_forest_side_room,
          infiniplex_forest_corner_1, infiniplex_forest_end_3,
          infiniplex_forest_clump_long, infiniplex_forest_straight_2,
          minmay_pentomino_w2
D:2:      layout_rooms, grunt_decor_cap, nicolae_the_louvre
D:3:      layout_basic, mainiacjoe_overflow_catwalk, nicolae_eternal_life
D:4:      layout_basic, cheibrodos_sewer_entry_bend, minivault_25,
          minmay_bisected, uniq_ijyb
D:5:      layout_loops_ring, mainiacjoe_overflow_catch_the_wave, serial_shops,
          shop, uniq_blork_the_orc
D:6:      layout_loops_cross, marbit_many_paths, serial_shops, shop

Skill      XL: |  1  2  3  4  5  6  7  8 |
---------------+-------------------------+-----
Dodging        | 2 3 4 |  4.7
Unarmed Combat | 3 4 5 6 8 |  8.1
Shapeshifting  | 3 4 |  4.7
Fighting       | 2 3 |  3.4
Throwing       | |  0.2

Action                     |  1- 3 |  4- 6 |  7- 9 || total
---------------------------+-------+-------+-------++-------
  Melee: Unarmed           |    82 |   179 |   106 ||   367
         Touch             |     8 |    26 |    17 ||    51
         Punch             |       |     2 |     8 ||    10
  Throw: Dart              |       |    12 |    68 ||    80
         Javelin           |       |     2 |       ||     2
  Evoke: Wand              |       |    27 |     6 ||    33
    Use: Scroll            |       |    11 |     5 ||    16
         Potion            |       |     3 |     6 ||     9
   Stab: Sleeping          |     2 |       |       ||     2
 Armour: Animal skin       |    30 |    67 |    63 ||   160
         Skin              |       |    10 |       ||    10
  Dodge: Dodged            |    42 |    65 |    72 ||   179
  Block: Other             |    13 |    24 |    22 ||    59
         Reflection        |       |     1 |       ||     1
